 Dungeon Crawl Stone Soup version 0.25-a0-614-g73ad250637 (webtiles) character file.

Game seed: 15920981666352469789, levelgen mode: deterministic

3880 ipx the Cleaver (level 10, -3/124 HPs)
             Began as a Hill Orc Fighter on Mar 18, 2020.
             Was an Initiate of Gozag.
             Slain by an orc warrior
             ... wielding a +0 halberd
              (7 damage)
             ... on level 10 of the Dungeon.
             The game lasted 00:40:28 (3459 turns).

ipx the Cleaver (Hill Orc Fighter)                  Turns: 3459, Time: 00:40:29

Health: -3/124     AC: 12    Str: 21    XL:     10   Next: 19%
Magic:  14/14      EV:  4    Int:  8    God:    Gozag
Gold:   652        SH: 11    Dex: 12    Spells: 8/9 levels left

rFire    . . .     SeeInvis .   a - +0 war axe
rCold    . . .     Gourm    .   c - +0 kite shield
rNeg     + . .     Faith    .   p - +0 plate armour
rPois    .         Spirit   .   (no helmet)
rElec    .         Reflect  .   (no cloak)
rCorr    .         Harm     .   (no gloves)
MR       .....                  (no boots)
Stlth    ..........             R - amulet of rage
HPRegen  0.30/turn              e - ring of positive energy
MPRegen  0.14/turn              w - ring of wizardry

@: berserking (expiring), gold aura, very quick
A: no striking features
a: Potion Petition, Call Merchant, Bribe Branch, Renounce Religion, Evoke
Berserk Rage


You were on level 10 of the Dungeon.
You worshipped Gozag.
Gozag was pleased with you.
You were not hungry.

You visited 1 branch of the dungeon, and saw 10 of its levels.

You collected 763 gold pieces.
You paid 111 gold pieces to Gozag.

Inventory:

Hand Weapons
 a - a +0 war axe (weapon)
 d - a +2 vorpal mace
Missiles
 h - 8 boomerangs (quivered)
Armour
 c - a +0 kite shield (worn)
 p - a +0 plate armour (worn)
Jewellery
 e - a ring of positive energy (left hand)
 w - a ring of wizardry (right hand)
 R - an amulet of rage (around neck)
Wands
 i - a wand of disintegration (8)
Scrolls
 b - 7 scrolls of remove curse
 g - 2 scrolls of fear
 j - a scroll of enchant armour {unknown}
 m - 2 scrolls of teleportation
 q - a scroll of magic mapping
 r - a scroll of acquirement {unknown}
Potions
 k - a potion of lignification
 l - 2 potions of ambrosia
 n - a potion of mutation
 o - a potion of curing {unknown}
 s - a potion of brilliance
Comestibles
 f - 6 rations


   Skills:
 - Level 6.0 Fighting
 + Level 13.0 Axes
 - Level 5.0 Armour
 + Level 7.5 Shields
 - Level 6.0 Evocations


You had 8 spell levels left.
You knew the following spells:

 Your Spells              Type           Power        Failure   Level  Hunger
s - Animate Skeleton      Necr           N/A          100%        1    ##.....

Your spell library contained the following spells:

 Spells                   Type           Power        Failure   Level  Hunger
 Pain                     Necr           #...         100%        1    ##.....
 Vampiric Draining        Necr           #.........   100%        3    ####...
 Animate Dead             Necr           N/A          100%        4    #####..
 Agony                    Necr           #.......     100%        5    ######.


Dungeon Overview and Level Annotations

Branches:
Dungeon (10/15)               Orc (0/2) D:10
 Temple: D:4-7         Lair: D:8-11

Altars:
Gozag
Qazlal


Message History

Your shield and plate armour prevent you from hitting the orc warrior.
You closely miss the warg. The warg barely misses you.
You closely miss the orc warrior. You hit the warg.
You block the warg's attack.
The orc warrior hits you but does no damage.
You slice the orc warrior!!
The orc warrior is severely wounded.
You slash the warg!
The warg becomes distracted by the nearby gold, dreaming of imaginary riches.
You closely miss the orc warrior.
The orc warrior is severely wounded.
The warg howls!
You slash the warg!
You kill the warg!
Training target 6.0 for Evocations reached!
Your Axes skill increases to level 13!
Your Evocations skill increases to level 6!
The orc warrior hits you with a +0 halberd!
You die...
Your body crumbles into a pile of gold.

#####.)8).## ## ...#.......+ .+
...#..#'#..# #+# .#
.).#.##.##.#.##.##.#
...#.#[..#.#.#.?. .#
...#.#...#.#. .?. .#
...#.##.##.#.##.##.#
...#..#'#..#..#'#..#
...##......#...o@$.#
....#..8..###.8.8.##
....##....###.....##
.....##....#.......#
#########.............
############.......### ##
...........####>##############...
..............###........<.......
.................................


You could see an orc warrior.

Vanquished Creatures
  Psyche (D:8)
  A hippogriff (D:9)
  2 wargs (D:10)
  Edmund (D:5)
  A water moccasin (D:10)
  Duvessa (D:4)
  A sky beast (D:6)
  An ice beast (D:10)
  6 orc warriors
  2 ogres (D:10)
  A centaur (D:6)
  A big kobold (D:9)
  Blork the orc (D:6)
  A bullfrog (D:6)
  A water moccasin zombie (D:6)
  4 scorpions
  5 killer bees (D:9)
  3 wights (D:6)
  2 howler monkeys
  4 crimson imps
  A bullfrog zombie (D:10)
  2 hounds (D:10)
  10 orc wizards
  5 orc priests
  A jelly (D:6)
  A bullfrog skeleton (D:6)
  An iguana (D:9)
  3 worker ants
  4 gnolls
  3 adders
  An ooze (D:4)
  2 adder zombies (D:6)
  A dart slug (D:3)
  2 leopard geckos
  21 orcs
  6 bats
  4 giant cockroaches
  2 goblins (D:3)
  3 hobgoblins (D:3)
  6 jackals
  9 kobolds
  2 quokkas
  3 frilled lizards
  A jackal skeleton (D:4)
  A leopard gecko skeleton (D:2)
  A leopard gecko zombie (D:7)
  A quokka zombie (D:6)
  5 rats
142 creatures vanquished.

Vanquished Creatures (others)
  An orc wizard (D:10)
1 creature vanquished.

Grand Total: 143 creatures vanquished

Notes
Turn   | Place    | Note
-------+----------+-------------------------------------------
     0 | D:1      | ipx the Hill Orc Fighter began the quest for the Orb.
     0 | D:1      | Reached XP level 1. HP: 19/19 MP: 1/1
    19 | D:1      | Reached skill level 3 in Axes
    48 | D:1      | Reached XP level 2. HP: 26/26 MP: 2/2
   304 | D:2      | Reached skill level 4 in Axes
   472 | D:2      | Reached XP level 3. HP: 24/31 MP: 3/3
   640 | D:3      | Reached skill level 5 in Axes
   646 | D:3      | Reached XP level 4. HP: 32/39 MP: 4/4
   682 | D:3      | Reached skill level 6 in Axes
   682 | D:3      | Reached XP level 5. HP: 18/45 MP: 5/5
   880 | D:3      | Reached skill level 7 in Axes
  1205 | D:4      | Noticed Duvessa
  1294 | D:4      | Killed Duvessa
  1294 | D:4      | Reached XP level 6. HP: 46/55 MP: 6/6
  1296 | D:5      | Entered Level 5 of the Dungeon
  1322 | D:5      | Reached skill level 5 in Fighting
  1322 | D:5      | Reached skill level 8 in Axes
  1499 | D:4      | Found a stormy altar of Qazlal.
  1501 | D:4      | Noticed a fire elemental
  1502 | D:4      | Noticed a water elemental
  1502 | D:4      | Noticed an air elemental
  1605 | D:4      | Reached XP level 7. HP: 54/61 MP: 7/7
  1675 | D:6      | Noticed Edmund
  1706 | D:5      | Killed Edmund
  1775 | D:6      | Reached skill level 9 in Axes
  1788 | D:6      | Learned a level 1 spell: Animate Skeleton
  1823 | D:6      | Noticed Blork the orc
  1843 | D:6      | Killed Blork the orc
  1893 | D:6      | Reached XP level 8. HP: 17/70 MP: 8/8
  1896 | D:6      | Reached skill level 5 in Shields
  1917 | D:6      | Reached skill level 10 in Axes
  2098 | D:6      | Found an opulent altar of Gozag.
  2127 | D:6      | Became a worshipper of Gozag Ym Sagoz the Greedy
  2391 | D:8      | Noticed Psyche
  2397 | D:8      | Killed Psyche
  2397 | D:8      | Reached skill level 11 in Axes
  2397 | D:8      | Reached XP level 9. HP: 75/75 MP: 8/10
  2655 | D:9      | Reached skill level 5 in Armour
  2678 | D:9      | HP: 5/112 [poisoned by a scorpion]
  2684 | D:9      | HP: 4/112 [poisoned by a scorpion]
  2689 | D:9      | HP: 4/112 [poisoned by a scorpion]
  2694 | D:9      | HP: 4/112 [poisoned by a scorpion]
  2955 | D:9      | Reached skill level 12 in Axes
  3048 | D:10     | Entered Level 10 of the Dungeon
  3140 | D:10     | Reached skill level 5 in Evocations
  3228 | D:10     | Reached XP level 10. HP: 30/83 MP: 12/14
  3429 | D:10     | Found a staircase to the Orcish Mines.
  3455 | D:10     | HP: 3/124 [orc warrior/+0 halberd (6)]
  3459 | D:10     | Reached skill level 13 in Axes
  3459 | D:10     | Slain by an orc warrior

Levels and vault maps discovered:
D:1:      sevenhm_arrival_forest_fort_small_3, layout_basic
D:2:      layout_loops_ring, serial_co_window_serial, co_window_paths_a,
          co_window_corner_a, co_window_paths_b, co_window_corner_a,
          co_window_corner_a, co_window_paths_c, co_window_of_opportunity_c,
          co_window_corner_cb, co_window_corner_b, co_window_2corner,
          co_window_of_opportunity_b, co_window_unsneaky_path_e, co_window_sun,
          co_window_paths_e, glass_columns_c, glass_columns_a, glass_columns_b,
          uniq_sigmund
D:3:      layout_basic, gammafunk_temple_overflow_pools, kennysheep_donut
D:4:      layout_basic, minivault_23, nicolae_qazlal_style_of_elements,
          uniq_duvessa
D:5:      layout_loops_ring, first_ration, minmay_crystal_water, minivault_4
D:6:      layout_cave_pools, grunt_gozag_statues, minmay_overflow_temple_hex,
          uniq_edmund, uniq_blork_the_orc
D:7:      layout_basic, lemuel_crystal_altar,
          minmay_temple_entry_enclosed_plants, serial_shops, shop
D:8:      layout_basic, solitary_fountain, grunt_ogre_cave, uniq_psyche
D:9:      layout_rooms
D:10:     layout_long_grid, david_orc_1_choice

Skill      XL: |  1  2  3  4  5  6  7  8  9 10 |
---------------+-------------------------------+-----
Axes           | 3 4 5 6 7 8 9 11 12 13 | 13.0
Fighting       | 4 5 6 |  6.0
Shields        | 4 6 7 |  7.5
Armour         | 4 5 |  5.0
Evocations     | 2 5 6 |  6.0

Action                   |  1- 3 |  4- 6 |  7- 9 | 10-12 || total
-------------------------+-------+-------+-------+-------++-------
Melee: War axe           |    75 |   133 |   291 |    36 ||   535
Throw: Boomerang         |       |     4 |    27 |     1 ||    32
Invok: Potion Petition   |       |       |     1 |       ||     1
 Abil: Evoke Berserk Rag |       |       |     3 |     2 ||     5
Evoke: Wand              |       |       |     9 |       ||     9
  Use: Scroll            |     2 |     5 |     2 |       ||     9
       Potion            |       |       |     8 |       ||     8
 Stab: Sleeping          |       |       |     8 |       ||     8
       Distracted        |       |       |     1 |       ||     1
       Invisible         |       |       |     1 |       ||     1
  Eat: Chunk             |       |     2 |     1 |       ||     3
       Ration            |       |     1 |     2 |     1 ||     4
Armor: Scale mail        |    37 |       |       |       ||    37
       Chain mail        |    18 |    49 |    48 |       ||   115
       Plate armour      |       |       |   143 |    11 ||   154
       Skin              |       |       |    14 |       ||    14
Dodge: Dodged            |    19 |    32 |    57 |     6 ||   114
Block: Kite shield       |    40 |    58 |   172 |    16 ||   286

Table legend:
 A = Non-vault XP
 B = Vault XP
 C = Vault XP percentage of total XP
 D = Non-vault monster count
 E = Vault monster count
 F = Vault count percentage of total count
                 A         B        C        D         E       F
            +---------+---------+-------+---------+---------+-------
      Total |    4085 |    1459 |  26.3 |     133 |      10 |   7.0
            +---------+---------+-------+---------+---------+-------
        D:1 |      17 |       0 |   0.0 |      10 |       0 |   0.0
        D:2 |      19 |       0 |   0.0 |       5 |       0 |   0.0
        D:3 |     181 |       0 |   0.0 |      24 |       0 |   0.0
        D:4 |     193 |     142 |  42.4 |       9 |       1 |  10.0
        D:5 |      88 |     157 |  64.1 |       3 |       1 |  25.0
        D:6 |    1035 |      96 |   8.5 |      23 |       1 |   4.2
        D:7 |       5 |       0 |   0.0 |       3 |       0 |   0.0
        D:8 |      65 |     434 |  87.0 |       4 |       1 |  20.0
        D:9 |    1120 |       0 |   0.0 |      31 |       0 |   0.0
       D:10 |    1362 |     630 |  31.6 |      21 |       6 |  22.2
            +---------+---------+-------+---------+---------+-------
